 Dungeon Crawl Stone Soup version 0.29.0-5-ge4962eb29e (webtiles) character file.

Game seed: 4103506097826010747

1907 LynnLen the Covert (level 8, 0/42 HPs)
             Began as a Spriggan Enchanter on Aug 29, 2022.
             Succumbed to a water moccasin's poison
             ... on level 6 of the Dungeon on Aug 30, 2022.
             The game lasted 00:21:43 (7070 turns).

LynnLen the Covert (Spriggan Enchanter)             Turns: 7070, Time: 00:21:44

Health: 0/42       AC: 13    Str:  4    XL:     8   Next: 94%
Magic:  8/18       EV: 18    Int: 18    God:
Gold:   278        SH:  0    Dex: 22    Spells: 7/19 levels left

rFire   . . .      SeeInvis +   n - +5 dagger (protect)
rCold   . . .      Faith    .   (no shield)
rNeg    . . .      Spirit   +   b - +0 robe
rPois   .          Reflect  .   (helmet restricted)
rElec   .          Harm     .   e - scarf {repulsion}
rCorr   .          Rampage  .   (gloves unavailable)
Will    +....                   (boots unavailable)
Stlth   ++++......              g - amulet of guardian spirit
HPRegen 0.14/turn               r - +4 ring of protection
MPRegen 0.16/turn               l - +6 ring of dexterity

@: lethally poisoned (0 -> -10), under a protective aura, repel missiles, very
quick
A: very small, no large weapons, unfitting armour, see invisible, speed 3
a: no special abilities


You were on level 6 of the Dungeon.
You visited 1 branch of the dungeon, and saw 6 of its levels.
You also visited: Sewer.

You collected 278 gold pieces.

Inventory:

Hand Weapons
 n - a +5 dagger of protection (weapon)
Armour
 b - a +0 robe (worn)
 e - a scarf of repulsion (worn)
Jewellery
 g - an amulet of guardian spirit (around neck)
 h - an amulet of magic regeneration
 i - a ring of protection from fire
 l - a +6 ring of dexterity (right hand)
 o - an amulet of faith
 r - a +4 ring of protection (left hand)
Wands
 a - a wand of paralysis (7)
 v - a wand of quicksilver (10)
Scrolls
 f - 2 scrolls of enchant weapon {unknown}
 k - 2 scrolls of teleportation {unknown}
 m - a scroll of fear {unknown}
 p - 2 scrolls of magic mapping {unknown}
 q - a scroll of noise {unknown}
 s - a scroll of fog {unknown}
 u - a scroll of poison {unknown}
Potions
 c - 3 potions of invisibility
 d - 2 potions of mutation
 j - 4 potions of curing
 t - a potion of ambrosia {unknown}
 w - 3 potions of might {unknown}


   Skills:
 + Level 3.7 Fighting
 + Level 4.1 Short Blades
 - Level 2.6 Dodging
 + Level 8.7 Stealth
 + Level 6.4 Spellcasting
 + Level 1.8 Conjurations
 + Level 6.6 Hexes
 + Level 3.5 Ice Magic


You had 7 spell levels left.
You knew the following spells:

 Your Spells              Type           Power      Damage    Failure   Level
a - Ensorcelled Hibernat  Hex/Ice        48%        N/A       2%          2
b - Confusing Touch       Hex            29%        N/A       2%          3
c - Tukima's Dance        Hex            29%        N/A       2%          3
d - Hailstorm             Conj/Ice       15%        3d5       36%         4

Your spell library contained the following spells:

 Spells                   Type           Power      Damage    Failure   Level
 Freeze                   Ice            72%        1d9       2%          1
 Dazzling Flash           Conj/Hex       42%        N/A       6%          3
 Frozen Ramparts          Ice            36%        1d6       9%          3


Dungeon Overview and Level Annotations

Branches:
Dungeon (6/15)             Temple (0/1) D:4           Sewer (visited)

Altars:
Cheibriados
Makhleb
Yredelemnul
The Shining One

Annotations:
D:3 2 transporters, SigmundSlayer's ghost, weakling DgAE


Innate Abilities, Weirdness & Mutations

You are very small and have problems with some larger weapons.
You are too small for most types of armour.
You have supernaturally acute eyesight. (SInv)
You cover ground extremely quickly. (Speed+++)


Message History

The water moccasin is moderately wounded.
You feel very sick.
The water moccasin bites you but does no damage.
You hit the water moccasin.
The water moccasin is moderately wounded.
You feel sick. The water moccasin barely misses you.
The water moccasin misses you.
You barely miss the water moccasin.
The water moccasin is moderately wounded.
You feel sick. The water moccasin bites you.
You barely miss the water moccasin.
The water moccasin is moderately wounded.
You feel sick. The water moccasin bites you.
You hit the water moccasin.
The water moccasin is heavily wounded.
You feel sick. The water moccasin bites you.
* * * LOW HITPOINT WARNING * * *
You hit the water moccasin.
The water moccasin is heavily wounded.
You feel sick. The water moccasin bites you.
* * * LOW HITPOINT WARNING * * *
You are lethally poisoned!
The water moccasin poisons you!
You hit the water moccasin.
The water moccasin is heavily wounded.
* * * LOW HITPOINT WARNING * * *
You feel very sick. The water moccasin closely misses you.
You closely miss the water moccasin.
The water moccasin is heavily wounded.
* * * LOW HITPOINT WARNING * * *
You feel very sick. The water moccasin closely misses you.
You barely miss the water moccasin.
The water moccasin is heavily wounded.
* * * LOW HITPOINT WARNING * * *
You feel sick. The water moccasin barely misses you.
You miss the water moccasin.
The water moccasin is heavily wounded.
You die...

#.#......<.<....#
#.######.########
#.# #.# ##.####.#
#.# .......)##
#.# ##.....))#
#.# #######)# #.#
#S#####.######
#@.............
######...######
#.#.# #...# ###.#
.# .. ##


You could see a water moccasin.

Vanquished Creatures
  Grinder (D:3)
  2 water moccasins
  An orc warrior (D:5)
  A sky beast (D:6)
  Pargi (Sewer)
  A black bear (D:5)
  An ice beast (D:6)
  2 phantoms (D:5)
  A kobold brigand (D:5)
  A necrophage (D:4)
  3 scorpions (D:5)
  A jelly (D:5)
  2 orc priests
  A hound (D:5)
  Jessica (D:3)
  4 iguanas
  3 orc wizards
  8 adders
  A river rat (D:5)
  2 shadow imps
  An ufetubus (D:6)
  A worm (D:2)
  A dart slug (D:1)
  23 orcs
  12 ball pythons
  An endoplasm (D:1)
  5 giant cockroaches
  7 goblins
  8 hobgoblins
  5 quokkas
  7 bats
  7 frilled lizards
  11 kobolds
  8 rats
135 creatures vanquished.

Vanquished Creatures (others)
  A dancing weapon (D:5)
1 creature vanquished.

Grand Total: 136 creatures vanquished

Notes
Turn   | Place    | Note
-------+----------+-------------------------------------------
     0 | D:1      | LynnLen the Spriggan Enchanter began the quest for the Orb.
     0 | D:1      | Reached XP level 1. HP: 9/9 MP: 5/5
   636 | D:1      | Reached XP level 2. HP: 10/14 MP: 6/6
   760 | D:1      | Learned a level 2 spell: Ensorcelled Hibernation
  1394 | D:1      | Reached skill level 5 in Stealth
  1643 | D:1      | Reached XP level 3. HP: 7/17 MP: 8/8
  1834 | D:1      | Learned a level 3 spell: Confusing Touch
  1838 | D:1      | Learned a level 3 spell: Tukima's Dance
  2337 | D:2      | Found a faded altar of an unknown god.
  2440 | D:2      | Reached skill level 1 in Fighting
  2984 | D:3      | Noticed Grinder
  3057 | D:3      | Noticed Jessica
  3091 | D:3      | Killed Jessica
  3092 | D:3      | Reached XP level 4. HP: 22/22 MP: 3/10
  3172 | D:3      | Killed Grinder
  3173 | D:3      | Reached skill level 6 in Stealth
  3173 | D:3      | Reached skill level 1 in Ice Magic
  3173 | D:3      | Reached XP level 5. HP: 22/26 MP: 1/12
  3173 | D:3      | Reached XP level 6. HP: 26/30 MP: 1/13
  3361 | D:3      | Found a transporter.
  3400 | D:3      | Found a transporter.
  3404 | D:3      | Noticed SigmundSlayer's ghost (weakling DgAE)
  3594 | D:3      | Reached skill level 5 in Hexes
  4075 | D:4      | Found a staircase to the Ecumenical Temple.
  4663 | D:4      | Noticed a water moccasin
  4689 | D:4      | Killed a water moccasin
  4690 | D:4      | Reached XP level 7. HP: 34/35 MP: 12/15
  5144 | D:5      | Entered Level 5 of the Dungeon
  5205 | D:5      | Reached skill level 7 in Stealth
  5205 | D:5      | Reached skill level 5 in Spellcasting
  5352 | D:5      | Learned a level 4 spell: Hailstorm
  5528 | D:5      | Found a basalt altar of Yredelemnul.
  5528 | D:5      | Found a burning altar of Makhleb.
  5528 | D:5      | Found a glowing golden altar of the Shining One.
  5528 | D:5      | Found a snail-covered altar of Cheibriados.
  5610 | D:5      | Found a glowing drain.
  5633 | Sewer    | Entered a sewer
  5737 | Sewer    | Reached XP level 8. HP: 40/40 MP: 17/17
  5803 | Sewer    | Noticed Pargi
  5805 | Sewer    | Killed Pargi
  5950 | D:5      | Reached skill level 8 in Stealth
  6167 | D:5      | Reached skill level 1 in Conjurations
  7069 | D:6      | HP: 2/42 [poisoned by a water moccasin]
  7070 | D:6      | Succumbed to a water moccasin's poison

Illustrated notes

Levels and vault maps discovered:
D:1:      minmay_arrival_five_plusses, layout_basic, minivault_11
D:2:      layout_basic, hellmonk_ecumenical_altar_leap_of_faith,
          chequers_serial_rivers_small_a
D:3:      layout_basic, gammafunk_ghost_mausoleum, uniq_jessica, uniq_grinder
D:4:      layout_cave_pods, temple_doors_ab, chequers_serial_rivers_large_a
D:5:      minmay_angry_zag, layout_loops_ring, grunt_temple_overflow_cloverleaf,
          portal_sewer_entry_b, minmay_crystal_water
D:6:      layout_loops_ring, grunt_gozag_statues, minmay_misc_feat_encased,
          bh_walls_and_bars

Skill      XL: |  1  2  3  4  5  6  7  8 |
---------------+-------------------------+-----
Spellcasting   | 3 4 5 6 |  6.4
Hexes          | 4 5 6 |  6.6
Stealth        | 5 6 7 8 |  8.7
Fighting       | 1 2 3 |  3.7
Ice Magic      | 1 2 3 |  3.5
Short Blades   | 2 3 4 |  4.1
Conjurations   | 1 |  1.8
Dodging        | |  2.6

Action                   |  1- 3 |  4- 6 |  7- 9 || total
-------------------------+-------+-------+-------++-------
Melee: Dagger            |   122 |    67 |   220 ||   409
       Punch             |     3 |     2 |     3 ||     8
 Cast: Ensorcelled Hiber |    13 |     3 |    17 ||    33
       Confusing Touch   |       |     2 |     3 ||     5
       Tukima's Dance    |       |       |     3 ||     3
  Use: Scroll            |       |       |     4 ||     4
 Stab: Sleeping          |    15 |     7 |    22 ||    44
       Confused          |       |     4 |     2 ||     6
Armor: Robe              |    12 |     6 |    31 ||    49
Dodge: Dodged            |    83 |    51 |   128 ||   262
